AoeStats
← nathanm888

Nomad

509798886Analyzed
2v2 RM · 3d ago on Sep 28, 2026· 34m 36s· 4 players
Game mode
Random Map
Map size
176×176
Population
200
Speed
Normal
Resources
Standard
Victory
Conquest
Starting age
Dark Age
Ending age
Imperial Age
RankedLock teamsTeams togetherTeam positionsShared explorationLock speedFull tech treeHidden civsTurbo modeCheats
Victory
Defeat
🇺🇸 Portuguese · United States
379
+21
🇺🇸 Bengalis · United States
328
+23
🇷🇺 Bohemians · Russia
539
-24
447
-20
nathanm888
16:26 Loom
20:05 Feudal Age
22:31 Wheelbarrow
21:40 Horse Collar
21:54 Double-Bit Axe
23:17 Man-at-Arms
23:42 Arson
29:00 Castle Age
27:45 Forging
27:37 Scale Mail Armor
27:43 Scale Barding Armor
27:30 Fletching
27:41 Padded Archer Armor
35:32 Iron Casting
35:13 Chain Mail Armor
35:18 Chain Barding Armor
34:54 Bodkin Arrow
35:14 Leather Archer Armor
mankey
18:49 Feudal Age
20:47 Double-Bit Axe
26:12 Castle Age
26:56 Wheelbarrow
27:42 Medium Warships
28:11 Hand Cart
30:00 Stone Mining
30:05 Gold Mining
31:58 Stone Shaft Mining
31:07 Horse Collar
31:41 Bow Saw
professorDoprofessorlucasv
19:24 Feudal Age
20:34 Fishing Lines
25:41 Castle Age
25:48 Castle Age
24:09 Double-Bit Axe
28:54 Bow Saw
28:38 Gold Mining
28:39 Stone Mining
29:15 Demolition Ship
33:31 Medium Warships
Yakudzzza
12:14 Loom
22:42 Feudal Age
23:59 Wheelbarrow
23:10 Town Watch
24:27 Fishing Lines
31:43 Double-Bit Axe
Connection lost

Rejoining the realm…

Still unreachable

The connection could not be restored.

Session expired

The server has moved on; the page needs a fresh start.